 Dungeon Crawl Stone Soup version 0.30.1-3-gfc49f6343a (webtiles) character file.

Game seed: 13432051560680720684

513 spardeous the Conjurer (level 6, -2/45 HPs)
             Began as a Demigod Conjurer on Aug 4, 2023.
             Killed from afar by a steam dragon (11 damage)
             ... with a ball of steam
             ... on level 4 of the Dungeon.
             The game lasted 00:05:47 (5190 turns).

spardeous the Conjurer (Demigod Conjurer)           Turns: 5190, Time: 00:05:47

Health: -2/45      AC:  6    Str:  8    XL:     6   Next: 66%
Magic:  20/24      EV:  8    Int: 28    God:
Gold:   578        SH:  0    Dex: 12    Spells: 6/13 levels left

rFire   . . .        y - +2 short sword (vamp)
rCold   . . .        (no shield)
rNeg    . . .        i - +0 scale mail
rPois   .            B - +0 hat
rElec   .            (no cloak)
rCorr   .            (no gloves)
SInv    .            (no boots)
Will    .....        (no amulet) Stlth
                     u - ring of magical power
HPRegen 0.27/turn    (no ring)
MPRegen 0.19/turn

%: no passive effects
@: very slightly contaminated
A: high MP 1, forlorn, divine attributes
a: no special abilities


You were on level 4 of the Dungeon.
You visited 1 branch of the dungeon, and saw 4 of its levels.
You also visited: Ossuary.

You collected 578 gold pieces.

Inventory:

Hand Weapons
 g - a +0 dagger
 o - a +1 whip of draining
 y - a +2 vampiric short sword (weapon)
Armour
 a - a +0 robe
 i - a +0 scale mail (worn)
 j - a +0 leather armour
 B - a +0 hat (worn)
Jewellery
 u - a ring of magical power (left hand)
 C - a ring of willpower
Wands
 t - a wand of polymorph (4)
Scrolls
 c - a scroll of vulnerability {unknown}
 d - 2 scrolls of amnesia {unknown}
 f - 3 scrolls of identify {unknown}
 h - a scroll of fear {unknown}
 k - 4 scrolls of teleportation {unknown}
 l - a scroll of torment {unknown}
 p - 2 scrolls of magic mapping {unknown}
 q - 4 scrolls of poison {unknown}
 s - a scroll of enchant weapon {unknown}
 w - 2 scrolls of enchant armour {unknown}
 x - 2 scrolls of blinking {unknown}
Potions
 b - 3 potions of magic
 e - 2 potions of curing
 m - a potion of lignification {unknown}
 n - 3 potions of brilliance {unknown}
 r - a potion of flight {unknown}
 v - 2 potions of heal wounds {unknown}
 z - 2 potions of berserk rage {unknown}
 A - a potion of might {unknown}


   Skills:
 - Level 2.1 Armour
 - Level 1.7 Dodging
 - Level 1.7 Stealth
 + Level 4.1 Spellcasting
 - Level 6.0 Conjurations


You had 6 spell levels left.
You knew the following spells:

 Your Spells              Type           Power      Damage    Failure   Level
a - Magic Dart            Conj           100%       1d8       6%          1
b - Searing Ray           Conj           78%        2d7       9%          2
c - Iskenderun's Mystic   Conj/Tloc      22%        2d6       89%         4

Your spell library contained the following spells:

 Spells                   Type           Power      Damage    Failure   Level
 Dazzling Flash           Conj/Hex       44%        N/A       52%         3
 Fulminant Prism          Conj/Hex       11%        3d8       89%         4


Dungeon Overview and Level Annotations

Branches:
Dungeon (4/15)             Temple (0/1) D:4         Ossuary (visited)

Annotations:
D:4 2 runed translucent doors


Innate Abilities, Weirdness & Mutations

You have an increased reservoir of magic. (+10% MP)
You shall have no god before yourself.
Your divine heritage dramatically boosts your attributes as you level up.


Message History

Confirm with . or Enter, or press ? or * to list all spells.
Aiming: Searing Ray (safe; 9% risk of failure)
Press: ? - help, Shift-Dir - straight line, f - steam dragon
Aim: a steam dragon (81% to hit)
You miscast Searing Ray.
You are very lightly contaminated with residual magic.
Nothing appears to happen.
The steam dragon bites you. The steam dragon claws you.
You take 7 damage, and have 38/45 hp.
You now have 22/24 mp.
The steam dragon barely misses you. The steam dragon claws you.
You take 4 damage, and have 34/45 hp.
Casting: Searing Ray (safe; 9% risk of failure)
Confirm with . or Enter, or press ? or * to list all spells.
Aiming: Searing Ray (safe; 9% risk of failure)
Press: ? - help, Shift-Dir - straight line, f/p - steam dragon
Aim: a steam dragon (81% to hit)
The searing ray misses the steam dragon. (Press . to maintain the ray.)
The steam dragon breathes steam at you. The ball of steam hits you!
You hear a shout!
You take 13 damage, and have 21/45 hp.
MASSIVE DAMAGE!!
You now have 20/24 mp.
The searing ray hits the steam dragon.
The steam dragon is lightly wounded.
You are engulfed in a cloud of scalding steam.
* * * LOW HITPOINT WARNING * * *
The steam dragon bites you.
* * * LOW HITPOINT WARNING * * *
The steam dragon claws you but does no damage.
You take 14 damage, and have 7/45 hp.
MASSIVE DAMAGE!!
You now have 19/24 mp.
You see here a +0 club.
It was a potion of curing.
You feel better. The steam dragon bites you.
* * * LOW HITPOINT WARNING * * *
The steam dragon claws you.
* * * LOW HITPOINT WARNING * * *
You take 4 damage, and have 3/45 hp.
You feel better. The steam dragon breathes steam at you.
The ball of steam hits you!
You die...

######################
##................###..
##..######..######......
#..## #### ##...## #..#
#.#.# #..# #.#.# #..#
### #.#.# #..# #D##
#.#.# #..##ยง#@# #.#.#
#...###[# ..#.#
#.#.....# #.###..##
#......# #####..+S
#..+h.. #..#8....
#..##8|:8


You could see a steam dragon (catching breath).

Vanquished Creatures
  An ogre (D:4)
  A howler monkey (D:3)
  2 centaur zombies (Ossuary)
  An orc priest (D:2)
  An iguana (D:4)
  Terence (D:2)
  3 mummies
  5 adders
  3 gnolls (D:2)
  A worm (D:4)
  A dart slug (D:1)
  9 orcs
  9 bats
  7 endoplasms
  A giant cockroach (D:3)
  12 goblins
  10 hobgoblins
  3 jackals
  3 quokkas
  11 ball pythons
  5 frilled lizards
  3 goblin zombies (Ossuary)
  10 hobgoblin zombies (Ossuary)
  11 kobolds
  10 kobold zombies (Ossuary)
  9 orc zombies (Ossuary)
  7 rats
  3 rat zombies (Ossuary)
143 creatures vanquished.

Notes
Turn   | Place    | Note
-------+----------+-------------------------------------------
     0 | D:1      | spardeous the Demigod Conjurer began the quest for the Orb.
     0 | D:1      | Reached XP level 1. HP: 14/14 MP: 5/5
   208 | D:1      | Reached skill level 4 in Conjurations
   208 | D:1      | Reached XP level 2. HP: 20/20 MP: 0/7
  1236 | D:2      | Reached XP level 3. HP: 26/26 MP: 3/9
  1239 | D:2      | Learned a level 2 spell: Searing Ray
  1671 | D:2      | Noticed Terence
  1681 | D:2      | Killed Terence
  1682 | D:2      | Reached XP level 4. HP: 23/33 MP: 1/10
  1683 | D:2      | Reached skill level 5 in Conjurations
  2039 | D:2      | Reached XP level 5. HP: 15/38 MP: 6/12
  2593 | D:3      | Reached skill level 1 in Armour
  3106 | D:3      | Learned a level 4 spell: Iskenderun's Mystic Blast
  3174 | D:4      | Found a sand-covered staircase.
  3290 | Ossuary  | Entered an ossuary
  3708 | Ossuary  | Reached XP level 6. HP: 37/45 MP: 2/13
  3912 | Ossuary  | Reached skill level 6 in Conjurations
  4429 | D:4      | HP: 1/45 [ogre/+0 giant club (24)]
  4834 | D:4      | Found a staircase to the Ecumenical Temple.
  5137 | D:4      | Found a large runed translucent door.
  5138 | D:4      | Found a large runed translucent door.
  5182 | D:4      | Noticed a steam dragon
  5190 | D:4      | Killed from afar by a steam dragon

Illustrated notes

Levels and vault maps discovered:
D:1:      lightli_arrival_statue_moat, layout_loops_ring, minmay_box_of_dots
D:2:      layout_loops_cross, uniq_terence
D:3:      layout_basic, general_overflow_altar
D:4:      minmay_polygon_palace, layout_rooms, minmay_temple_entry_arrows,
          gup_ossuary_entry_pyramid, minmay_hollow_rounded_squares

Skill      XL: |  1  2  3  4  5  6 |
---------------+-------------------+-----
Spellcasting   | 2 3 4 |  4.1
Conjurations   | 4 5 6 |  6.0
Armour         | 2 |  2.1
Dodging        | |  1.7
Stealth        | |  1.7

Action                     |  1- 3 |  4- 6 || total
---------------------------+-------+-------++-------
  Melee: Whip              |       |    36 ||    36
         Short sword       |       |     5 ||     5
         Punch             |       |     1 ||     1
   Cast: Magic Dart        |    75 |   169 ||   244
         Searing Ray       |     2 |    15 ||    17
    Use: Potion            |       |     2 ||     2
 Armour: Robe              |     1 |       ||     1
         Scale mail        |       |    37 ||    37
         Leather armour    |       |     1 ||     1
  Dodge: Dodged            |     8 |    32 ||    40
